 Dungeon Crawl Stone Soup version 0.20-a0-556-g892c87b (webtiles) character file.

3423 Alarkh the Thaumaturge (level 9, 0/64 HPs)
             Began as a Mummy Necromancer on Feb 4, 2017.
             Was a Believer of Okawaru.
             Killed by divine providence
             ... invoked by an orc priest
              (11 damage)
             ... on level 8 of the Dungeon.
             The game lasted 00:11:03 (7566 turns).

Alarkh the Thaumaturge (Mummy Necromancer)          Turns: 7566, Time: 00:11:03

Health: 0/64       AC: 10    Str: 12    XL:     9   Next: 76%
Magic:  23/30      EV: 10    Int: 17    God:    Okawaru [**....]
Gold:   136        SH:  0    Dex: 12    Spells: 12/24 levels left

rFire    x . .     SeeInvis .   a - +1 spear (pain)
rCold    + . .     Gourm    .   k - +0 scale mail (curse)
rNeg     + + +     Faith    .   (no shield)
rPois    ∞         Spirit   .   j - +1 hat
rElec    .         Reflect  .   y - +1 cloak {+Inv}
rCorr    .         Harm     .   h - +0 pair of gloves
MR       +....                  (no boots)
Stlth    ..........             (no amulet)
Regen    0.2/turn               x - ring of magical power
                                p - +1 ring of slaying

@: no status effects
A: no food or potions, fire vulnerability, cold resistance 1, negative energy
resistance 3, torment resistance, unbreathing
a: Heroism, Renounce Religion, Evoke Invisibility


You were on level 8 of the Dungeon.
You worshipped Okawaru.
Okawaru was pleased with you.
You were not hungry.

You visited 2 branches of the dungeon, and saw 9 of its levels.

You collected 436 gold pieces.
You spent 300 gold pieces at shops.

Inventory:

Hand Weapons
 a - a +1 spear of pain (weapon)
 b - a +0 quarterstaff
 w - a +0 trident
Armour
 d - a +0 robe
 h - a +0 pair of gloves (worn)
 j - a +1 hat (worn)
 k - a cursed +0 scale mail (worn)
 l - a +0 cloak
 t - a +1 troll leather armour
 y - a +1 cloak of invisibility (worn)
Magical Staves
 u - an uncursed staff of energy
Jewellery
 g - an uncursed ring of flight
 p - a +1 ring of slaying (left hand)
 x - a ring of magical power (right hand)
Wands
 r - a wand of iceblast (8/15)
 s - a wand of flame (40/48)
 v - a wand of confusion (13/48)
Scrolls
 c - 4 scrolls of teleportation
 e - 2 scrolls of identify
 f - a scroll of blinking
 i - a scroll of random uselessness
 n - a scroll of magic mapping
 o - a scroll of enchant weapon
 A - a scroll of enchant armour
Books
 m - a book of Changes

   Spells                             Type                      Level
   a - Beastly Appendage              Transmutation                1
   b - Sticks to Snakes               Transmutation                2
   c - Spider Form                    Transmutation/Poison         3
   d - Ice Form                       Ice/Transmutation            4
   e - Blade Hands                    Transmutation                5
 q - a book of Necromancy

   Spells                             Type                      Level
   a - Pain                           Necromancy                   1
   b - Animate Skeleton               Necromancy                   1
   c - Vampiric Draining              Necromancy                   3
   d - Regeneration                   Charms/Necromancy            3
   e - Animate Dead                   Necromancy                   4
   f - Control Undead                 Necromancy                   4
 z - a book of Geomancy

   Spells                             Type                      Level
   a - Sandblast                      Earth                        1
   b - Passwall                       Transmutation/Earth          2
   c - Stone Arrow                    Conjuration/Earth            3
   d - Petrify                        Transmutation/Earth          4
   e - Lee's Rapid Deconstruction     Earth                        5
 B - a Young Poisoner's Handbook

   Spells                             Type                      Level
   a - Sting                          Conjuration/Poison           1
   b - Poisonous Vapours              Poison/Air                   2
   c - Mephitic Cloud                 Conjuration/Poison/Air       3
   d - Olgreb's Toxic Radiance        Poison                       4
   e - Venom Bolt                     Conjuration/Poison           5


   Skills:
 - Level 3.5 Fighting
 + Level 7.4 Staves
 - Level 3.5 Dodging
 - Level 1.5 Stealth
 - Level 8.3 Spellcasting
 - Level 7.6 Necromancy


You had 12 spell levels left.
You knew the following spells:

 Your Spells              Type           Power        Failure   Level  Hunger
a - Vampiric Draining     Necr           ####......   10%         3    N/A
c - Control Undead        Necr           ####......   28%         4    N/A
d - Animate Dead          Necr           N/A          28%         4    N/A
e - Pain                  Necr           ####         2%          1    N/A

Dungeon Overview and Level Annotations

Branches:
Dungeon (8/15)             Temple (1/1) D:5
   Lair: D:8-11

Altars:
Ashenzari
Cheibriados
Dithmenos
Elyvilon
Fedhas
Gozag
Hepliaklqana
Kikubaaqudgha
Makhleb
Nemelex Xobeh
Okawaru
Qazlal
Ru
Sif Muna
Trog
Uskayaw
Vehumet
Xom
Yredelemnul
Zin
The Shining One

Shops:
D:5 [


Innate Abilities, Weirdness & Mutations

You do not eat or drink.
Your flesh is vulnerable to fire.
You are immune to poison.
Your flesh is cold resistant. (rC+)
You are immune to negative energy. (rN+++)
You are immune to unholy pain and torment.
You can survive without breathing.


Message History

Confirm with . or Enter, or press ? or * to list all spells.
Aiming: Vampiric Draining
Press: ? - help, Shift-Dir - straight line, f/p - orc wizard
Aim: an orc wizard, wielding a dagger and wearing a robe (almost dead)
You kill the orc wizard!
Okawaru accepts your kill.
You feel life coursing into your body.
The orc wizard gestures wildly while chanting.
The orc wizard seems to speed up.
You see here a crocodile corpse.
An orc priest comes into view. It is wielding a mace.
The orc priest shouts!
The orc warrior closely misses you.
The orc priest looks satisfied for a moment.
The orc wizard casts a spell at you. The puff of flame hits you!
The fire burns you terribly!
* * * LOW HITPOINT WARNING * * *
The orc priest mumbles some strange prayers to Beogh against you.
Beogh smites you!
You die...

...#
#########.#
#######
.####.........#
.......
............###
#######
####...###.#
###.# #.# #.#
#.# #.# #.#
#########.# #.#
#...@.....# #.#
#.......### #.#
#.......# .#
#....oo.# #.#
#.......# #.#
#.......# #.#
#.......# #.#
#.....oo# #.#
#.......#####.#


You could see an orc warrior, an orc priest and 2 orc wizards.

Vanquished Creatures
  Erica (D:8)
  Maurice (D:8)
  A hornet (D:8)
  A sky beast (D:7)
  An ice beast (D:5)
  2 phantoms (D:5)
  5 ogres
  A crocodile (D:8)
  2 centaurs (D:6)
  5 bullfrogs
  3 jellies
  A bullfrog zombie (D:7)
  2 crimson imps
  4 hounds
  3 orc priests
  A bullfrog skeleton (D:5)
  2 centaur skeletons
  5 orc wizards
  3 worker ants
  2 hound zombies
  A hound skeleton (D:5)
  7 gnolls
  5 adders
  A shadow imp (D:7)
  An adder zombie (D:5)
  2 adder skeletons (D:8)
  4 worms
  2 dart slugs
  3 leopard geckos
  17 orcs
  3 giant cockroaches
  6 goblins
  5 hobgoblins
  2 jackals (D:1)
  A ball python (D:6)
  5 bats
  6 frilled lizards
  8 kobolds
  4 rats
129 creatures vanquished.

Notes
Turn   | Place    | Note
-------+----------+-------------------------------------------
     0 | D:1      | Alarkh the Mummy Necromancer began the quest for the Orb.
     0 | D:1      | Reached XP level 1. HP: 13/13 MP: 4/4
   275 | D:1      | Reached skill level 3 in Spellcasting
   557 | D:1      | Reached XP level 2. HP: 19/19 MP: 6/6
  1092 | D:2      | Reached XP level 3. HP: 9/24 MP: 4/8
  1518 | D:2      | You fall through a shaft for 2 floors!
  1523 | D:5      | Entered Level 5 of the Dungeon
  1523 | D:5      | Noticed a bullfrog
  1530 | D:5      | Killed a bullfrog
  1530 | D:5      | Reached skill level 4 in Spellcasting
  1530 | D:5      | Reached XP level 4. HP: 10/30 MP: 1/10
  1895 | D:3      | Learned a level 3 spell: Vampiric Draining
  1900 | D:3      | Learned a level 4 spell: Control Undead
  1905 | D:3      | Learned a level 4 spell: Animate Dead
  1914 | D:3      | Reached skill level 5 in Necromancy
  1997 | D:4      | Reached skill level 5 in Spellcasting
  1997 | D:4      | Reached XP level 5. HP: 19/35 MP: 9/12
  3825 | D:4      | Reached XP level 6. HP: 24/41 MP: 1/14
  4253 | D:5      | Reached skill level 6 in Spellcasting
  4710 | D:5      | Noticed an ice beast
  4723 | D:5      | Killed an ice beast
  4723 | D:5      | Reached XP level 7. HP: 46/46 MP: 17/17
  4759 | D:5      | Reached skill level 7 in Spellcasting
  4925 | D:5      | Found Wauqazy's Antique Armour Shoppe.
  5212 | D:5      | Found a staircase to the Ecumenical Temple.
  5226 | Temple   | Entered the Ecumenical Temple
  5316 | Temple   | Became a worshipper of Warmaster Okawaru
  5466 | D:5      | Reached skill level 8 in Spellcasting
  5924 | D:6      | Reached XP level 8. HP: 53/53 MP: 20/20
  5981 | D:6      | Reached * piety under Okawaru
  5981 | D:6      | Reached skill level 1 in Fighting
  6503 | D:5      | Bought a troll leather armour for 300 gold pieces
  6599 | D:7      | Reached skill level 1 in Staves
  6674 | D:7      | Reached ** piety under Okawaru
  6841 | D:7      | Reached XP level 9. HP: 51/64 MP: 11/21
  6903 | D:7      | You fall through a shaft!
  7071 | D:8      | Noticed Erica
  7072 | D:8      | Noticed Maurice
  7081 | D:8      | Killed Maurice
  7081 | D:8      | Reached skill level 5 in Staves
  7106 | D:8      | HP: 1/64 [something/orb of energy (16)]
  7108 | D:8      | Killed Erica
  7566 | D:8      | Killed from afar by an orc priest

Vault maps used:
D:1:      dpeg_arrival_arbitrary_a
D:2:      first_bread
D:5:      temple_fountains, serial_shops, kennysheep_mini_moat
D:8:      uniq_maurice, uniq_erica
Temple:   compressed_dpeg_circular_temple

Skill      XL: |  1  2  3  4  5  6  7  8  9 |
---------------+----------------------------+-----
Spellcasting   | 3 4 5 6 8 |  8.3
Necromancy     | 5 6 7 |  7.6
Fighting       | 3 |  3.5
Dodging        | 3 |  3.5
Staves         | 3 7 |  7.4
Stealth        | |  1.5

Action                   |  1- 3 |  4- 6 |  7- 9 || total
-------------------------+-------+-------+-------++-------
Melee: Spear             |    46 |   158 |   252 ||   456
       Unarmed           |    11 |       |       ||    11
       Trident           |       |       |    31 ||    31
       Quarterstaff      |       |       |    38 ||    38
 Cast: Pain              |    19 |    13 |    11 ||    43
       Vampiric Draining |       |    13 |    34 ||    47
Invok: Heroism           |       |       |     3 ||     3
Evoke: Wand              |       |       |     4 ||     4
  Use: Scroll            |     1 |     2 |     8 ||    11
 Stab: Sleeping          |     1 |     1 |       ||     2
       Distracted        |       |     1 |       ||     1
Armor: Robe              |     7 |     6 |       ||    13
       Scale mail        |       |    57 |   155 ||   212
Dodge: Dodged            |    35 |    50 |   154 ||   239
